 Dungeon Crawl Stone Soup version 0.16.0-12-g7215832 (webtiles) character file.

75186 uw0tm8 the Warrior (level 15, -2/141 (146) HPs)
             Began as a Red Draconian Berserker on Mar 18, 2015.
             Was the Champion of Makhleb.
             Slain by a deep troll (14 damage)
             ... created by the rage of Trog
             ... on level 2 of the Spider Nest.
             The game lasted 02:04:37 (25405 turns).

uw0tm8 the Warrior (Red Draconian Berserker)       Turns: 25405, Time: 02:04:38

HP:   -2/141 (146)  AC: 16    Str: 24    XL:     15   Next: 8%
MP:   23/26         EV: 21    Int:  9    God:    Makhleb [******]
Gold: 3600          SH:  0    Dex: 16    Spells: 3 memorised, 10 levels left

rFire  + . .     SeeInvis .     Y - +10 glaive "Streummeo" {chop, -Cast Noisy rPois rN+ Dex+5}
rCold  . . .     Clarity  +     (armour unavailable)
rNeg   + . .     SustAb   .     (no shield)
rPois  +         Gourm    .     (helmet restricted)
rElec  .         Spirit   .     B - +0 cloak
rCorr  +         Warding  .     d - +2 pair of gloves
rMut   .         Stasis   .     (no boots)
MR     +....     NoCast   +     S - amulet of resist corrosion
Stlth  +.........               G - +3 ring of protection
                                e - +2 ring of evasion

@: about to teleport, somewhat resistant to hostile enchantments, very
unstealthy
A: breathe fire, unfitting armour, hooves 1, stinger 1, clarity, clumsy 1, fire
resistance 1, strong 1, wild magic 2, evolution 1, cold-blooded, MP-powered
wands 1, AC +9
a: Breathe Fire, Minor Destruction, Lesser Servant of Makhleb, Major
Destruction, Greater Servant of Makhleb, Renounce Religion


You were on level 2 of the Spider Nest.
You worshipped Makhleb.
Makhleb was exalted by your worship.
You were not hungry.

You visited 5 branches of the dungeon, and saw 27 of its levels.
You also visited: Ice Cave and Volcano.

You collected 3645 gold pieces.
You spent 45 gold pieces at shops.

Inventory:

Hand weapons
 H - a +9 bardiche of venom
 W - a +6 vampiric glaive
 Y - the +10 glaive "Streummeo" (weapon) {chop, -Cast Noisy rPois rN+ Dex+5}
   (Trog gifted it to you on level 2 of the Lair of Beasts)

   It inflicts extra damage upon your enemies.
   It affects your dexterity (+5).
   It protects you from poison.
   It protects you from negative energy.
   It may make noises in combat.
   It prevents spellcasting.
Armour
 d - a +2 pair of gloves (worn)
 B - a +0 cloak (worn)
Magical staves
 a - an uncursed staff of conjuration
Jewellery
 e - a +2 ring of evasion (left hand)
 f - an uncursed ring of protection from cold
 y - an uncursed ring of protection from fire
 D - an uncursed ring of sustain abilities
 G - a +3 ring of protection (right hand)
 S - an amulet of resist corrosion (around neck)
 Z - an uncursed ring of protection from fire
Magical devices
 m - a wand of fireball (4)
 r - a wand of digging (16)
 u - a wand of teleportation (0)
 z - a wand of magic darts (17)
 P - a wand of fireball (1)
 T - a wand of fireball (0)
 V - a wand of digging (6)
Scrolls
 b - a scroll of magic mapping
 h - 2 scrolls of identify
 k - 2 scrolls of recharging
 l - 5 scrolls of enchant armour
 o - 5 scrolls of fog
 p - 9 scrolls of remove curse
 F - a scroll of amnesia
 X - a scroll of holy word
Potions
 g - 2 potions of brilliance
 j - a potion of lignification
 q - a potion of cure mutation {unknown}
 s - 5 potions of restore abilities
 t - a potion of decay {unknown}
 v - a potion of heal wounds
 w - a potion of flight {unknown}
 A - a potion of resistance
 I - 3 potions of curing
 N - 3 potions of invisibility
Books
 x - a book of the Earth

   Spells                             Type                      Level
   a - Leda's Liquefaction            Hexes/Earth                  4
   b - Bolt of Magma                  Conjuration/Fire/Earth       5
   c - Statue Form                    Transmutation/Earth          6
   d - Iron Shot                      Conjuration/Earth            6
   e - Shatter                        Earth                        9
 J - a Fen Folio

   Spells                             Type                      Level
   a - Corpse Rot                     Necromancy                   2
   b - Stone Arrow                    Conjuration/Earth            3
   c - Leda's Liquefaction            Hexes/Earth                  4
   d - Summon Forest                  Summoning/Translocation      5
   e - Hydra Form                     Transmutation                6
   f - Summon Hydra                   Summoning                    7
Comestibles
 c - 8 bread rations
 i - 6 meat rations
 n - 7 royal jellies
 E - 7 fruits


   Skills:
 - Level 16.8 Fighting
 - Level 15.8 Polearms
 - Level 10.4 Dodging
 + Level 4.8 Spellcasting
 + Level 4.2 Conjurations
 + Level 3.9 Charms
 + Level 4.7 Fire Magic
 - Level 4.0 Invocations


You had 10 spell levels left.
You knew the following spells:

 Your Spells              Type           Power        Failure   Level  Hunger
a - Repel Missiles        Chrm/Air       ##....       45%         2    ##.....
b - Haste                 Chrm           ###.....     100%        6    #######
c - Bolt of Magma         Conj/Fire/Erth ###.......   100%        5    ######.


Dungeon Overview and Level Annotations

Branches:
Dungeon (12/15)            Temple (1/1) D:4            Lair (8/8) D:11
  Swamp (0/5) Lair:5       Spider (2/5) Lair:4        Slime (0/6) Lair:8
    Orc (4/4) D:11            Elf (0/3) Orc:3

Altars:
Ashenzari
Cheibriados
Dithmenos
Elyvilon
Fedhas
Gozag
Kikubaaqudgha
Makhleb
Nemelex Xobeh
Okawaru
Qazlal
Ru
Sif Muna
Trog
Vehumet
Xom
Yredelemnul
Zin
The Shining One
Beogh

Shops:
D:11 [(   Orc:1 ?   Orc:3 =(   Orc:4 =}(?


Innate Abilities, Weirdness & Mutations

You can breathe blasts of fire.
Your fiery red scales are hard (AC +9).
Your body does not fit into most forms of armour.
Your flesh is heat resistant.
Your cold-blooded metabolism reacts poorly to cold.
You have large cloven feet.
Your tail ends in a poisonous barb.
You possess an exceptional clarity of mind.
You are clumsy. (Dex -2)
Your muscles are strong. (Str +2)
Your spells are harder to cast, but more powerful.
You evolve.
You expend magic power (3 MP) to slightly strengthen your wands.


Message History

The black bear bites you but does no damage.
The black bear claws you.
* * * LOW HITPOINT WARNING * * *
The black bear misses you. The deep troll barely misses you.
The deep troll claws you but does no damage.
The deep troll completely misses you.
The polar bear bites you but does no damage.
The polar bear misses you.
The polar bear claws you but does no damage.
The wolf spider hits you!
* * * LOW HITPOINT WARNING * * *
The wolf spider bites you.
* * * LOW HITPOINT WARNING * * *
The black bear bites you.
* * * LOW HITPOINT WARNING * * *
The black bear claws you but does no damage. x2
The jumping spider leaps!
The wolf spider hits you!
* * * LOW HITPOINT WARNING * * *
The wolf spider misses you. The deep troll bites you!
You die...

##...###.##..#.#...#.....
#...#^#.....#.#^#........
#....#.#....^............
##.#.....".........##...##
#....#....#............#..
#..^.....h#...##...#...#..
####.##....#§.........#...
####ThTh.#...#.#.......
##^@#§.....#.....#..
##.s.#s#..##.......
#....##.#.........
#.#.s.............
###.#...............
#...s......#...^#..#
#.#.^..#........###
#..#.#.....#...#.#
#....†......#..##


You could see a wolf spider, 2 deep trolls, a polar bear (berserk), 2 jumping
spiders and 2 black bears.

Vanquished Creatures
  A frost giant (IceCv)
  Maud (Lair:5)
  5 dire elephants (Lair:8)
  Harold (D:10)
  Nessos (Orc:3)
  4 hydras
  An anaconda (Lair:8)
  2 iron trolls
  3 orc high priests (Orc:4)
  Nergalle (Lair:5)
  A hill giant (D:11)
  Pikel (D:4)
  2 griffons
  4 orb spiders
  The ghost of Fluffy the Carver, an experienced FoFi (D:6)
  An ugly thing (Volcano)
  A faun (IceCv)
  10 wolf spiders
  4 black mambas
  2 toenail golems (Volcano)
  Joseph (D:9)
  9 elephants
  2 molten gargoyles (Volcano)
  Psyche (D:9)
  An efreet (Volcano)
  8 spiny frogs
  4 komodo dragons
  A queen bee (D:8)
  2 demonic crawlers
  2 fire drakes
  7 jumping spiders
  A fire vortex (Volcano)
  7 trolls
  18 polar bears
  12 blink frogs
  4 basilisks
  A boulder beetle (Spider:2)
  4 trapdoor spiders
  2 wyverns
  13 redbacks
  7 tarantellas
  A water elemental (D:11)
  6 hippogriffs
  2 hungry ghosts
  30 yaks
  A steam dragon (D:11)
  2 fire bats (Volcano)
  A fire elemental (Volcano)
  2 wargs
  13 soldier ants (Lair:2)
  3 insubstantial wisps (Lair:5)
  9 wolves (IceCv)
  4 porcupines
  2 sky beasts (D:5)
  10 water moccasins
  A necrophage (D:8)
  28 orc warriors
  10 ice beasts
  5 black bears
  4 phantoms
  4 slaves (D:4)
  9 spiders
  2 wasps
  11 ogres
  11 crocodiles
  Duvessa (D:4)
  A gnoll sergeant (D:6)
  7 big kobolds
  3 boring beetles
  18 giant frogs
  10 centaurs
  5 scorpions
  28 killer bees
  2 wights (D:11)
  Dowan (D:4)
  8 crimson imps
  3 electric eels
  2 goliath beetles
  6 lava snakes (Volcano)
  44 orc priests
  37 orc wizards
  7 iguanas
  3 giant frog skeletons
  A gnoll shaman (D:8)
  17 hounds
  2 jellies
  3 centaur skeletons
  35 worker ants
  8 hell rats
  14 sheep
  Ijyb (D:2)
  Jessica (D:2)
  A hound zombie (D:10)
  42 river rats
  18 adders
  16 gnolls
  3 giant mites (Lair:4)
  2 worms
  2 adder skeletons
  8 giant geckos
  2 oozes
  206 orcs
  2 ball pythons
  A bat skeleton (D:7)
  8 giant cockroaches
  17 hobgoblins
  12 jackals
  7 quokkas
  12 bats
  A giant gecko skeleton (D:5)
  2 giant newts
  2 giant spores
  23 goblins
  27 kobolds
  A quokka skeleton (D:4)
  22 rats
  A ballistomycete (D:10)
  6 plants (Lair:8)
1037 creatures vanquished.

Vanquished Creatures (collateral kills)
  A death yak (IceCv)
  An orc high priest (Orc:4)
  An ice devil (Orc:4)
  An ugly thing (IceCv)
  2 orb spiders (Spider:1)
  An orc sorcerer (Orc:4)
  A queen ant (Lair:2)
  7 polar bears (IceCv)
  2 blink frogs (Lair:5)
  8 yaks (IceCv)
  2 wolves (IceCv)
  2 soldier ants (Lair:2)
  An orc warrior (Orc:4)
  A boring beetle (Lair:5)
  2 ogres
  An orc priest (Orc:4)
  An iguana (Lair:5)
  2 orc wizards
  9 worker ants (Lair:2)
  3 orcs
49 creatures vanquished.

Vanquished Creatures (others)
  A blizzard demon (Orc:4)
  An ugly thing (IceCv)
  2 yaktaurs (IceCv)
  A polar bear (Spider:1)
  2 two-headed ogres (IceCv)
  A neqoxec (Orc:1)
  4 ogres (IceCv)
  An orc wizard (Orc:1)
  A white imp (Orc:1)
  2 ufetubi
  A ballistomycete (D:10)
  2 fungi (Lair:8)
19 creatures vanquished.

Grand Total: 1105 creatures vanquished

Notes
Turn   | Place    | Note
--------------------------------------------------------------
     0 | D:1      | uw0tm8, the Draconian Berserker, began the quest for the Orb.
     0 | D:1      | Reached XP level 1. HP: 19/19 MP: 1/1
    97 | D:1      | Reached XP level 2. HP: 23/26 MP: 2/2
   339 | D:1      | Acquired Trog's second power
   409 | D:1      | Reached XP level 3. HP: 33/33 MP: 3/3
   526 | D:2      | Noticed Ijyb
   552 | D:2      | Killed Ijyb
   552 | D:2      | Reached skill level 4 in Fighting
   669 | D:2      | Reached XP level 4. HP: 40/40 MP: 4/4
   818 | D:2      | Noticed Jessica
   854 | D:2      | Killed Jessica
  1229 | D:3      | Found an opulent altar of Gozag.
  1299 | D:3      | Reached skill level 5 in Polearms
  1363 | D:3      | Reached XP level 5. HP: 47/47 MP: 5/5
  1872 | D:4      | Found a staircase to the Ecumenical Temple.
  1937 | D:4      | Reached skill level 5 in Fighting
  1937 | D:4      | Reached XP level 6. HP: 50/56 MP: 6/6
  1992 | D:4      | Noticed a slave
  1992 | D:4      | Noticed a slave
  1993 | D:4      | Noticed a slave
  1993 | D:4      | Noticed a slave
  1994 | D:4      | Noticed Pikel
  2003 | D:4      | Killed a slave
  2005 | D:4      | Reached skill level 6 in Polearms
  2008 | D:4      | Killed a slave
  2009 | D:4      | Killed a slave
  2011 | D:4      | Killed Pikel
  2011 | D:4      | Reached skill level 7 in Polearms
  2011 | D:4      | Your scales start taking on a fiery red colour.
  2011 | D:4      | Gained mutation: Your flesh is heat resistant. [draconian maturity]
  2011 | D:4      | Reached XP level 7. HP: 63/63 MP: 7/7
  2025 | D:4      | Killed a freed slave
  2111 | D:4      | Found a sparkling altar of Nemelex Xobeh.
  2295 | D:4      | Noticed Dowan
  2296 | D:4      | Noticed Duvessa
  2303 | D:4      | Killed Duvessa
  2303 | D:4      | Reached skill level 8 in Polearms
  2338 | D:4      | Killed Dowan
  2557 | D:4      | Reached XP level 8. HP: 65/71 MP: 8/8
  2785 | Temple   | Entered the Ecumenical Temple
  3019 | D:5      | Entered Level 5 of the Dungeon
  3280 | D:5      | Found a shadowy altar of Dithmenos.
  3285 | D:5      | Found a glowing golden altar of the Shining One.
  3286 | D:5      | Found a glowing silver altar of Zin.
  3286 | D:5      | Found a shimmering altar of Xom.
  3300 | D:5      | Found a deep blue altar of Sif Muna.
  3551 | D:5      | Found a burning altar of Makhleb.
  3931 | D:6      | Noticed Fluffy's ghost (experienced FoFi)
  3943 | D:6      | Killed Fluffy's ghost
  3943 | D:6      | Reached skill level 9 in Polearms
  4058 | D:6      | Reached XP level 9. HP: 78/83 MP: 9/9
  4086 | D:6      | Acquired Trog's third power
  4144 | D:6      | Found a sacrificial altar of Ru.
  4144 | D:6      | Found a radiant altar of Vehumet.
  4319 | D:6      | Reached skill level 10 in Polearms
  5831 | D:8      | Reached skill level 11 in Polearms
  5950 | D:8      | Reached skill level 10 in Fighting
  5981 | D:8      | Reached XP level 10. HP: 93/93 MP: 10/10
  6421 | D:8      | Reached skill level 12 in Polearms
  6944 | D:9      | Noticed Joseph
  6955 | D:9      | Killed Joseph
  7108 | D:9      | Noticed Psyche
  7115 | D:9      | Killed Psyche
  7186 | D:9      | Reached skill level 13 in Polearms
  7647 | D:10     | Entered Level 10 of the Dungeon
  7919 | D:10     | Noticed Harold
  8214 | D:10     | Received a gift from Trog
  8391 | D:10     | Killed Harold
  8391 | D:10     | Reached XP level 11. HP: 103/103 MP: 11/11
  8473 | D:11     | Found Smaug's Weapon Shop.
  8473 | D:11     | Found a staircase to the Orcish Mines.
  8473 | D:11     | Found Tuopt's Armour Shop.
  8531 | D:11     | Found a staircase to the Lair.
  8790 | D:11     | Reached skill level 14 in Polearms
  8807 | D:11     | Received a gift from Trog
  8828 | D:11     | Found a roughly hewn altar of Beogh.
  8883 | D:11     | Noticed a hill giant
  8894 | D:11     | Killed a hill giant
  9408 | D:12     | Noticed a centaur warrior
  9485 | Lair:1   | Entered Level 1 of the Lair of Beasts
  9512 | Lair:1   | Received a gift from Trog
  9529 | Lair:1   | Noticed an eight-headed hydra
  9529 | Lair:1   | Noticed a seven-headed hydra
 10056 | Lair:1   | Reached skill level 15 in Polearms
 10877 | Lair:2   | Received a gift from Trog
 10878 | Lair:2   | Got a dazzling glaive {god gift}
 10881 | Lair:2   | Identified the +10 glaive "Streummeo" {chop, -Cast Noisy rPois rN+ Dex+5} (Trog gifted it to you on level 2 of the Lair of Beasts)
 10898 | Lair:2   | Reached XP level 12. HP: 111/113 MP: 12/12
 10959 | Lair:2   | Received a gift from Trog
 11286 | Lair:3   | Received a gift from Trog
 12447 | Lair:4   | Found a dark tunnel.
 12474 | Volcano  | Entered a volcano
 12821 | Volcano  | Found a radiant altar of Vehumet.
 12894 | Volcano  | Identified the Papyrus of Lucky Hexes
 13163 | Lair:4   | Found a hole to the Spider Nest.
 13267 | Lair:4   | Reached skill level 5 in Dodging
 13307 | Lair:4   | Received a gift from Trog
 13934 | Lair:5   | Noticed Maud
 13952 | Lair:5   | Killed Maud
 14165 | Lair:5   | Reached XP level 13. HP: 113/125 MP: 13/13
 14366 | Lair:5   | Found a staircase to the Swamp.
 14391 | Lair:5   | Noticed Nergalle
 14394 | Lair:5   | Killed Nergalle
 14683 | Lair:6   | Received a gift from Trog
 14824 | Lair:6   | Reached skill level 15 in Fighting
 16392 | Lair:8   | Entered Level 8 of the Lair of Beasts
 16702 | Orc:1    | Entered Level 1 of the Orcish Mines
 16702 | Orc:1    | Found a frozen archway.
 16859 | Orc:1    | Gained mutation: Your muscles are strong. (Str +2) [potion of mutation]
 16859 | Orc:1    | Gained mutation: Your spells are a little harder to cast, but a little more powerful. [potion of mutation]
 16859 | Orc:1    | Gained mutation: You expend magic power (3 MP) to slightly strengthen your wands. [potion of mutation]
 16860 | Orc:1    | Gained mutation: You evolve. [potion of mutation]
 16860 | Orc:1    | Gained mutation: Your spells are harder to cast, but more powerful. [potion of mutation]
 16860 | Orc:1    | Gained mutation: You expend magic power (6 MP) to strengthen your wands. [potion of mutation]
 16861 | Orc:1    | Gained mutation: You possess an exceptional clarity of mind. [potion of beneficial mutation]
 16863 | IceCv    | Entered an ice cave
 16879 | IceCv    | Reached skill level 16 in Fighting
 17360 | IceCv    | Noticed Vidiiot's ghost (powerful HaAM)
 17361 | IceCv    | Noticed Edirash's ghost (powerful DDAr)
 17626 | IceCv    | Noticed a frost giant
 17630 | IceCv    | Reached XP level 14. HP: 137/137 MP: 14/14
 17677 | IceCv    | Killed a frost giant
 18730 | D:5      | Fell from the grace of Trog
 18785 | D:5      | Became a worshipper of Makhleb the Destroyer
 19113 | Lair:3   | Lost mutation: You expend magic power (6 MP) to strengthen your wands. [evolution]
 19402 | Lair:8   | Reached skill level 10 in Dodging
 19444 | Lair:8   | Found a staircase to the Slime Pits.
 20086 | Lair:8   | Acquired Makhleb's first power
 20395 | Lair:8   | Reached skill level 1 in Spellcasting
 20615 | Lair:1   | Learned a level 2 spell: Repel Missiles
 20622 | Lair:1   | Learned a level 6 spell: Haste
 20628 | Lair:1   | Learned a level 5 spell: Bolt of Magma
 20951 | Orc:2    | Acquired Makhleb's second power
 21104 | Orc:3    | Found Cuoxzan's Jewellery Shop.
 21105 | Orc:3    | Found a staircase to the Elven Halls.
 21115 | Orc:3    | Noticed Nessos
 21118 | Orc:3    | Killed Nessos
 21118 | Orc:3    | Reached skill level 1 in Fire Magic
 21184 | Orc:3    | Reached skill level 1 in Conjurations
 21310 | Orc:3    | Acquired Makhleb's third power
 21319 | Orc:3    | Reached skill level 1 in Charms
 21353 | Orc:3    | Found Eluusch's Antique Weapon Boutique.
 21692 | Orc:2    | Acquired Makhleb's fourth power
 21841 | Orc:1    | Found Croxki's Magic Scroll Shop.
 21901 | Orc:1    | Bought a scroll of amnesia for 45 gold pieces
 21972 | Orc:1    | Acquired Makhleb's fifth power
 22371 | Orc:4    | Entered Level 4 of the Orcish Mines
 22740 | Orc:4    | Found a bloodstained altar of Trog.
 22820 | Orc:4    | Gained mutation: Your tail ends in a poisonous barb. [evolution]
 23064 | Orc:4    | Found Kluxahu's Gadget Emporium.
 23185 | Orc:4    | Gained mutation: You have large cloven feet. [a neqoxec]
 23187 | Orc:4    | Gained mutation: You are clumsy. (Dex -2) [a neqoxec]
 23346 | Orc:3    | Reached skill level 1 in Invocations
 23577 | Orc:4    | Found Amodymusk's Weapon Shoppe.
 23577 | Orc:4    | Found Cleqed's Magic Scroll Shoppe.
 23585 | Orc:4    | Found Waegeggi's Jewellery Emporium.
 23651 | Orc:4    | Found a burning altar of Makhleb.
 24037 | Spider:1 | Entered Level 1 of the Spider Nest
 25123 | Spider:2 | Reached XP level 15. HP: 141/141 MP: 25/25
 25405 | Spider:2 | Slain by a deep troll

Action                   |  1- 3 |  4- 6 |  7- 9 | 10-12 | 13-15 || total
-------------------------+-------+-------+-------+-------+-------++-------
Melee: Spear             |   112 |   111 |   406 |   650 |       ||  1279
       Unarmed           |       |       |    19 |       |     1 ||    20
       Glaive            |       |       |       |   274 |   905 ||  1179
       Battleaxe         |       |       |       |    11 |       ||    11
       Halberd           |       |       |       |    27 |       ||    27
       Bardiche          |       |       |       |       |     5 ||     5
Invok: Trog's Hand       |       |     1 |     2 |     7 |     1 ||    11
       Berserk           |       |     1 |     3 |    13 |     4 ||    21
       Brothers in Arms  |       |       |       |     2 |     7 ||     9
       Burn Spellbooks   |       |       |       |       |     3 ||     3
       Lesser Servant of |       |       |       |       |     4 ||     4
       Greater Servant o |       |       |       |       |     2 ||     2
       Renounce Religion |       |       |       |       |     1 ||     1
 Abil: Breathe Fire      |       |       |       |     1 |     2 ||     3
Evoke: Wand              |       |       |       |     2 |     6 ||     8
       Deck              |       |       |       |     1 |     3 ||     4
  Use: Scroll            |       |     8 |    10 |     8 |    16 ||    42
       Potion            |       |       |       |     2 |     8 ||    10
 Stab: Sleeping          |     1 |       |     6 |     7 |     5 ||    19
       Distracted        |       |       |       |       |     2 ||     2
  Eat: Chunk             |       |     3 |     9 |    14 |     8 ||    34
       Pizza             |       |       |     1 |       |       ||     1
       Fruit             |       |       |     2 |     3 |    20 ||    25
       Beef jerky        |       |       |     1 |     3 |       ||     4
       Bread ration      |       |       |     1 |       |       ||     1
       Meat ration       |       |       |       |     3 |     3 ||     6
       Royal jelly       |       |       |       |     6 |       ||     6
